 Dungeon Crawl Stone Soup version 0.29-a0-925-g0a7a3d12f8 (webtiles) character file.

Game seed: 13472585483666757642

1291 enile the Magician (level 8, 0/52 HPs)
             Began as an Octopode Fire Elementalist on July 29, 2022.
             Was an Initiate of Gozag.
             Slain by an ogre
             ... wielding a +0 giant spiked club
              (20 damage)
             ... on level 6 of the Dungeon.
             The game lasted 00:06:54 (6875 turns).

enile the Magician (Octopode Fire Elementalist)     Turns: 6875, Time: 00:06:55

Health: 0/52       AC:  1    Str:  8    XL:     8   Next: 55%
Magic:  12/17      EV: 14    Int: 19    God:    Gozag
Gold:   102        SH:  0    Dex: 12    Spells: 9/19 levels left

rFire   . . .      SeeInvis .   i - +2 dagger (venom)
rCold   . . .      Faith    .   (no shield)
rNeg    . . .      Spirit   .   (helmet restricted)
rPois   .          Reflect  .   n - amulet of the acrobat
rElec   .          Harm     .   (no ring)
rCorr   .          Rampage  .   (no ring)
Will    .....                   (no ring)
Stlth   +++.......              (no ring)
HPRegen 0.17/turn               (no ring)
MPRegen 0.15/turn               (no ring)
                                (no ring)
                                (no ring)

@: no status effects
A: almost no armour, amphibious, 8 rings, camouflage 1, gelatinous body 1,
(nimble swimmer 1), tentacles
a: Renounce Religion, Potion Petition, Call Merchant, Bribe Branch


You were on level 6 of the Dungeon.
You worshipped Gozag.
Gozag was aware of your devotion.
You visited 2 branches of the dungeon, and saw 7 of its levels.

You collected 301 gold pieces.
You spent 62 gold pieces at shops.
You donated 25 gold pieces to Zin.
You paid 112 gold pieces to Gozag.

Inventory:

Hand Weapons
 g - a +0 dagger
 i - a +2 dagger of venom (weapon)
 q - a +0 rapier
Jewellery
 n - an amulet of the acrobat (around mantle)
 s - a ring of resist corrosion
Wands
 v - a wand of flame (15)
Scrolls
 f - a scroll of magic mapping {unknown}
 j - a scroll of summoning
 k - 4 scrolls of teleportation
 m - a scroll of immolation
 p - 4 scrolls of fear
 t - a scroll of blinking
 x - 2 scrolls of identify
 y - a scroll of noise {unknown}
Potions
 a - a potion of magic
 b - a potion of might {unknown}
 c - 2 potions of attraction {unknown}
 d - 3 potions of curing
 h - 3 potions of lignification
 l - 5 potions of haste {unknown}
 o - a potion of brilliance {unknown}
 r - a potion of heal wounds {unknown}
 u - a potion of invisibility
 w - a potion of resistance {unknown}
 z - a potion of berserk rage {unknown}


   Skills:
 - Level 3.0 Fighting
 - Level 3.0 Short Blades
 - Level 4.0 Dodging
 - Level 3.0 Stealth
 - Level 6.0 Spellcasting
 - Level 1.0 Conjurations
 - Level 5.0 Fire Magic
 + Level 3.5 Evocations


You had 9 spell levels left.
You knew the following spells:

 Your Spells              Type           Power      Damage    Failure   Level
a - Foxfire               Conj/Fire      68%        2x1d7     3%          1
b - Scorch                Fire           48%        2d7       2%          2
c - Inner Flame           Hex/Fire       15%        N/A       12%         3
d - Flame Wave            Conj/Fire      17%        2d7       32%         4

Your spell library contained the following spells:

 Spells                   Type           Power      Damage    Failure   Level
 Shock                    Conj/Air       28%        1d4       9%          1
 Conjure Flame            Conj/Fire      17%        6-21      10%         3
 Swiftness                Air            5%         N/A       32%         3
 Airstrike                Air            2%         0-2+      73%         4
 Anguish                  Hex/Necr       2%         N/A       73%         4
 Enfeeble                 Hex            2%         N/A       100%        7


Dungeon Overview and Level Annotations

Branches:
Dungeon (6/15)             Temple (1/1) D:6

Altars:
Ashenzari
Elyvilon
Fedhas
Gozag
Hepliaklqana
Makhleb
Okawaru
Ru
Uskayaw
Wu Jian
Xom
Yredelemnul
Zin

Shops:
D:2 *[!*


Innate Abilities, Weirdness & Mutations

You cannot wear most types of armour.
You are amphibious.
You can wear up to eight rings at the same time.
Your skin changes colour to match your surroundings (Stealth+).
Your rubbery body absorbs attacks. (AC +1, EV +1)
((You are camouflaged when in or above water. (Stealth+)))
You have tentacles for arms and can constrict up to eight enemies at once.


Message History

You climb downwards.
The orc barely misses you. x2
There is a stone staircase leading up here.
An orc is nearby!
You hit the orc. Your grab misses the orc.
You tentacle-slap the orc, but do no damage.
You squeeze the orc.
The orc is almost dead.
The orc hits you with a +0 club.
You hit the orc.
You kill the orc!
HP restored.
You now have 102 gold pieces (gained 4).
You see here a +0 club.
You open the door.
An ogre comes into view. It is wielding a +0 giant spiked club.
The ogre shouts!
You hear a shout!
Found a short sword.
An ogre is nearby!
Casting: Foxfire (safe; 3% risk of failure)
Confirm with . or Enter, or press ? or * to list all spells.
Okay, then.
Casting: Foxfire (safe; 3% risk of failure)
Confirm with . or Enter, or press ? or * to list all spells.
Aiming: Inner Flame (dangerous; 12% risk of failure)
Press: ? - help, Dir - move target, f - ogre
Aim: an ogre, wielding a +0 giant spiked club (chance to affect: 69%)
The ogre struggles to resist.
Casting: Inner Flame (dangerous; 12% risk of failure)
Confirm with . or Enter, or press ? or * to list all spells.
Flames lash the ogre.
The ogre is heavily wounded.
The ogre's fire resistance burns away.
You hit the ogre. Your squeeze misses the ogre.
The ogre is heavily wounded.
The ogre hits you with a +0 giant spiked club!!
Ouch! That really hurt!
The ogre attacks as you move away!
The ogre hits you with a +0 giant spiked club!!
You die...
Your body crumbles into a pile of gold.

########.....# #.#
.............# #.#
####.#######.###.# #.#
#...##.####### #.#
#...##........ ##.#
####.).##.######. #..#
#................
###'####......<..######.
#.....##.......)@#
#.#'#.#.......##O#
'.#>#.'.###...##.#
#.###.### #...##.#
#.)...# #..###'# ###'###
#.## ... .##.#########
..... ...........#
.......
..###.##.###)........


You could see an ogre (combustible).

Vanquished Creatures
  Sigmund (D:4)
  Eustachio (D:4)
  A water moccasin (D:5)
  An ice beast (D:5)
  An ogre (D:4)
  A centaur (D:6)
  3 scorpions
  2 hounds
  A jelly (D:4)
  2 orc priests
  Terence (D:3)
  2 iguanas
  Natasha (thrice) (D:2)
  An orc wizard (D:5)
  5 adders
  A white imp (D:5)
  An ufetubus (D:5)
  A worm (D:3)
  2 dart slugs
  7 orcs
  6 endoplasms
  A giant cockroach (D:2)
  7 goblins
  5 hobgoblins
  8 jackals
  7 kobolds
  3 quokkas
  4 ball pythons
  3 bats
  5 frilled lizards
  2 rats
89 creatures vanquished.

Vanquished Creatures (others)
  213 foxfires
213 creatures vanquished.

Grand Total: 302 creatures vanquished

Notes
Turn   | Place    | Note
-------+----------+-------------------------------------------
     0 | D:1      | enile the Octopode Fire Elementalist began the quest for
                  | the Orb.
     0 | D:1      | Reached XP level 1. HP: 11/11 MP: 3/3
   112 | D:1      | Reached skill level 1 in Fighting
   191 | D:1      | Found a faded altar of an unknown god.
   217 | D:1      | Prayed at the altar of an unknown god.
   217 | D:1      | Became a worshipper of Zin the Law-Giver
   217 | D:1      | Reached * piety under Zin
   329 | D:1      | Reached XP level 2. HP: 18/18 MP: 0/5
   387 | D:1      | Learned a level 2 spell: Scorch
  1066 | D:2      | Reached ** piety under Zin
  1075 | D:2      | Found Ephoim Pobro's Armour Boutique.
  1075 | D:2      | Noticed Natasha
  1082 | D:2      | Killed Natasha
  1083 | D:2      | Reached XP level 3. HP: 26/26 MP: 2/6
  1154 | D:2      | Found Yqav's General Store.
  1157 | D:2      | Noticed Natasha
  1169 | D:2      | Killed Natasha
  1170 | D:2      | Reached XP level 4. HP: 26/31 MP: 1/7
  1275 | D:2      | Found Faeliuh's Assorted Antiques.
  1283 | D:2      | Found Yppu's Distillery.
  1302 | D:2      | Bought a potion of lignification for 36 gold pieces
  1330 | D:2      | Noticed Natasha
  1340 | D:2      | Killed Natasha
  1551 | D:2      | Bought a scroll labelled XUGEHIEDARGH for 26 gold pieces
  1770 | D:3      | Reached XP level 5. HP: 36/36 MP: 8/8
  2261 | D:3      | Found a basalt altar of Yredelemnul.
  2713 | D:3      | Reached *** piety under Zin
  2793 | D:3      | Noticed Terence
  2799 | D:3      | Learned a level 3 spell: Inner Flame
  2963 | D:3      | Killed Terence
  3352 | D:4      | Reached XP level 6. HP: 34/42 MP: 2/9
  3419 | D:4      | Found a hazy altar of Hepliaklqana.
  3421 | D:4      | Noticed Eustachio
  3435 | D:4      | Reached skill level 5 in Fire Magic
  3451 | D:4      | Killed Eustachio
  3452 | D:4      | Reached XP level 7. HP: 38/46 MP: 1/10
  3941 | D:4      | Noticed Sigmund
  3945 | D:4      | Killed Sigmund
  3946 | D:4      | Reached skill level 3 in Spellcasting
  4483 | D:4      | Found a sacrificial altar of Ru.
  4544 | D:4      | Reached skill level 4 in Spellcasting
  4757 | D:5      | Entered Level 5 of the Dungeon
  4924 | D:5      | Reached skill level 5 in Spellcasting
  4924 | D:5      | Reached XP level 8. HP: 48/52 MP: 10/15
  5149 | D:5      | Found a white marble altar of Elyvilon.
  5191 | D:5      | Learned a level 4 spell: Flame Wave
  5224 | D:5      | Found a shimmering altar of Xom.
  5274 | D:5      | Found a burning altar of Makhleb.
  5565 | D:5      | Reached skill level 6 in Spellcasting
  5565 | D:5      | Reached skill level 1 in Evocations
  5791 | D:5      | Reached **** piety under Zin
  5987 | D:6      | Found a staircase to the Ecumenical Temple.
  6002 | Temple   | Entered the Ecumenical Temple
  6070 | Temple   | Fell from the grace of Zin
  6070 | Temple   | Became a worshipper of Gozag Ym Sagoz the Greedy
  6875 | D:6      | Slain by an ogre

Illustrated notes

Levels and vault maps discovered:
D:1:      denvon_arrival_planthouse, layout_rooms,
          ebering_ecumenical_altar_abandoned
D:2:      layout_rooms, serial_shops, shop, nicolae_shop_hallway_plus,
          nicolae_shop_window_shopping, nicolae_shop_advertising_works
          [nicolae_subvault_shop_adworks], lightli_corner_chamber, uniq_natasha
D:3:      layout_loops_corners, mainiacjoe_overflow_alcove_2, minmay_distorted,
          uniq_terence
D:4:      layout_basic, mainiacjoe_overflow_tiny_flanked,
          nicolae_ru_the_path_less_chosen, minmay_crystal_room, uniq_eustachio,
          uniq_sigmund
D:5:      layout_basic, mainiacjoe_overflow_small_starburst,
          kennysheep_little_box, mainiacjoe_overflow_surrounded_room
D:6:      layout_loops_ring, nicolae_overflow_hidden_temple,
          minmay_temple_entry_glassed_door, kennysheep_potato
Temple:   nicolae_temple_ecumenical_triangle

Skill      XL: |  1  2  3  4  5  6  7  8 |
---------------+-------------------------+-----
Fighting       | 1 3 |  3.0
Short Blades   | 2 3 |  3.0
Stealth        | 3 |  3.0
Fire Magic     | 4 5 |  5.0
Dodging        | 4 |  4.0
Spellcasting   | 5 6 |  6.0
Evocations     | 3 |  3.5
Conjurations   | |  1.0

Action                   |  1- 3 |  4- 6 |  7- 9 || total
-------------------------+-------+-------+-------++-------
Melee: Unarmed           |     5 |       |       ||     5
       Constrict         |     5 |     8 |     7 ||    20
       Punch             |     1 |       |     1 ||     2
       Dagger            |    11 |    42 |    25 ||    78
       Tentacles         |     4 |     8 |     9 ||    21
 Cast: Foxfire           |    40 |    45 |    51 ||   136
       Scorch            |     2 |    14 |    16 ||    32
       Inner Flame       |       |     4 |     3 ||     7
  Use: Scroll            |       |     1 |     6 ||     7
       Potion            |       |     1 |       ||     1
 Stab: Sleeping          |     1 |     1 |     1 ||     3
Armor: Skin              |     1 |     3 |     1 ||     5
Dodge: Dodged            |    11 |    39 |    27 ||    77

Table legend: (Time is in decaauts)
 A = Elapsed time spent in this place.
 B = Non-inter-level travel time spent in this place.
 C = Inter-level travel time spent in this place.
 D = Time resting spent in this place.
 E = Time spent auto-exploring this place.
 F = Levels seen in this place.
 G = Mean time per level.
                   A        B        C        D        E       F      G
               +--------+--------+--------+--------+--------+-----+--------+
         Total |   6866 |   6611 |    255 |    448 |   5399 |   7 |  980.9 |
       Dungeon |   6780 |   6543 |    237 |    448 |   5338 |   6 | 1130.0 |
        Temple |     85 |     68 |     17 |      0 |     61 |   1 |   85.0 |
               +--------+--------+--------+--------+--------+-----+--------+

Top non-repeatable levels by time:
     D:5: 1647 daAuts
     D:4: 1520 daAuts
     D:3: 1463 daAuts
     D:2: 1014 daAuts
     D:1: 750 daAuts
     D:6: 384 daAuts
  Temple: 85 daAuts
